PAAA
KEY WEST CORAL REEFERS @ BLOOMINGTON LONGNECKS
09/01/2032
 
TOP OF THE 1ST
Key West Coral Reefers batting - Pitching for Bloomington Longnecks : RHP Keith Rojas
Pitching: RHP Keith Rojas
Batting: SHB Juan Torres 0-0: Called Strike
0-1: Ball
1-1: Foul Ball, location: 2F
1-2: Foul Ball, location: 2F
1-2: Fly out, F7 (Flyball, 7LS)
Batting: RHB Quindarious Monday 0-0: Ground out 6-3 (Groundball, 6M)
Batting: LHB Ricardo Collazo 0-0: Foul Ball, location: 2F
0-1: Foul Ball, location: 2F
0-2: Ground out 6-3 (Groundball, 6)
Top of the 1st over - 0 runs, 0 hits, 0 errors, 0 left on base; Key West 0 - Bloomington 0
BOTTOM OF THE 1ST
Bloomington Longnecks batting - Pitching for Key West Coral Reefers : RHP Javier Dávila
Pitching: RHP Javier Dávila
Batting: RHB Barrett Drury 0-0: Swinging Strike
0-1: Foul Ball, location: 2F
0-2: Foul Ball, location: 2F
0-2: Ball
1-2: Ball
2-2: Foul Ball, location: 2F
2-2: Foul Ball, location: 2F
2-2: Ball
3-2: Base on Balls
Batting: RHB Toussiant L'Ouverture 0-0: Called Strike
0-1: Swinging Strike
0-2: Ball
1-2: Foul Ball, location: 2F
1-2: Foul Ball, location: 2F
1-2: Ball
2-2: Strikes out swinging
Batting: LHB Marshall Willis 0-0: Swinging Strike
0-1: Foul Ball, location: 2F
0-2: Ball
1-2: Foul Ball, location: 2F
1-2: Foul Ball, location: 2F
1-2: Ball
2-2: Ball
3-2: Foul Ball, location: 2F
3-2: Base on Balls
Barrett Drury to second
Batting: RHB Martín Martínez 0-0: Ball
1-0: Foul Ball, location: 2F
1-1: Foul Ball, location: 2F
1-2: Strikes out swinging
Batting: RHB Bubba Blevins 0-0: Fly out, F9 (Line Drive, 9)
Bottom of the 1st over - 0 runs, 0 hits, 0 errors, 2 left on base; Key West 0 - Bloomington 0
TOP OF THE 2ND
Key West Coral Reefers batting - Pitching for Bloomington Longnecks : RHP Keith Rojas
Batting: SHB Dave Atkins 0-0: Ball
1-0: Foul Ball, location: 2F
1-1: Swinging Strike
1-2: Foul Ball, location: 2F
1-2: Ground out U3 (Groundball, 34)
Batting: LHB John Hansen 0-0: SINGLE (Groundball, 4MD)
Batting: RHB Yoshihiro Iwasaki 0-0: Called Strike
0-1: Ball
1-1: Ground out 5-3 (Groundball, 56S)
John Hansen to second
Batting: RHB Miguel Montoya 0-0: Ball
1-0: Swinging Strike
1-1: Ball
2-1: Swinging Strike
2-2: Ball
3-2: Strikes out swinging
Top of the 2nd over - 0 runs, 1 hit, 0 errors, 1 left on base; Key West 0 - Bloomington 0
BOTTOM OF THE 2ND
Bloomington Longnecks batting - Pitching for Key West Coral Reefers : RHP Javier Dávila
Batting: RHB Chet Hollis 0-0: Called Strike
0-1: Ball
1-1: Ball
2-1: Fly out, F8 (Line Drive, 8RD)
Batting: RHB Bastiaan Pieterse 0-0: Ball
1-0: Foul Ball, location: 2F
1-1: SINGLE (Groundball, 6MD)
Batting: RHB Gabrio Campoverde 0-0: Called Strike
0-1: 2-RUN HOME RUN (Flyball, 7LD), Distance : 354 ft
Batting: RHB Mark Smiley 0-0: Foul Ball, location: 2F
0-1: SINGLE (Groundball, 56D)
Batting: RHB Barrett Drury 0-0: Ground out 4-3 (Groundball, 4S)
Mark Smiley to second
Batting: RHB Toussiant L'Ouverture 0-0: Called Strike
0-1: Ball
1-1: Foul Ball, location: 2F
1-2: Fly out, F4 (Flyball, 4D)
Bottom of the 2nd over - 2 runs, 3 hits, 0 errors, 1 left on base; Key West 0 - Bloomington 2
TOP OF THE 3RD
Key West Coral Reefers batting - Pitching for Bloomington Longnecks : RHP Keith Rojas
Batting: SHB Jeff Lowe 0-0: Ball
1-0: Swinging Strike
1-1: Ball
2-1: Ball
3-1: Called Strike
3-2: Base on Balls
Batting: RHB Kenneth Noid 0-0: Called Strike
0-1: Fielders Choice at 2nd, 2-4 (Groundball, 2L)
Batting: SHB Juan Torres 0-0: Called Strike
Throwing error on steal attempt, E2
Kenneth Noid to third
0-1: Fly out, F4 (Popup, 34D)
Batting: RHB Quindarious Monday 0-0: Ball
1-0: Ball
2-0: Ball
3-0: Called Strike
3-1: Called Strike
3-2: Fly out, F7 (Flyball, 7S)
Top of the 3rd over - 0 runs, 0 hits, 1 error, 1 left on base; Key West 0 - Bloomington 2
BOTTOM OF THE 3RD
Bloomington Longnecks batting - Pitching for Key West Coral Reefers : RHP Javier Dávila
Batting: LHB Marshall Willis 0-0: Ball
1-0: Called Strike
1-1: Foul Ball, location: 2F
1-2: Ball
2-2: Fly out, F8 (Flyball, 8LS)
Batting: RHB Martín Martínez 0-0: Foul Ball, location: 2F
0-1: Foul Ball, location: 2F
0-2: Ball
1-2: Ball
2-2: Ball
3-2: Fly out, F7 (Line Drive, 7)
Batting: RHB Bubba Blevins 0-0: Ball
1-0: Called Strike
1-1: Fly out, F9 (Flyball, 89M)
Bottom of the 3rd over - 0 runs, 0 hits, 0 errors, 0 left on base; Key West 0 - Bloomington 2
TOP OF THE 4TH
Key West Coral Reefers batting - Pitching for Bloomington Longnecks : RHP Keith Rojas
Batting: LHB Ricardo Collazo 0-0: Fly out, F8 (Flyball, 8RS)
Batting: SHB Dave Atkins 0-0: Called Strike
0-1: Ball
1-1: Ball
2-1: Fly out, F6 (Popup, P)
Batting: LHB John Hansen 0-0: Called Strike
0-1: Foul Ball, location: 2F
0-2: Foul Ball, location: 2F
0-2: Ball
1-2: Ball
2-2: Foul Ball, location: 2F
2-2: Ball
3-2: Ground out 4-3 (Groundball, 4)
Top of the 4th over - 0 runs, 0 hits, 0 errors, 0 left on base; Key West 0 - Bloomington 2
BOTTOM OF THE 4TH
Bloomington Longnecks batting - Pitching for Key West Coral Reefers : RHP Javier Dávila
Batting: RHB Chet Hollis 0-0: Ball
1-0: Ball
2-0: Ground out 3-1 (Groundball, 34)
Batting: RHB Bastiaan Pieterse 0-0: Ball
1-0: Fly out, F2 (Popup, 25F)
Batting: RHB Gabrio Campoverde 0-0: Ball
1-0: Ball
2-0: Fly out, F6 (Flyball, 56D)
Bottom of the 4th over - 0 runs, 0 hits, 0 errors, 0 left on base; Key West 0 - Bloomington 2
TOP OF THE 5TH
Key West Coral Reefers batting - Pitching for Bloomington Longnecks : RHP Keith Rojas
Batting: RHB Yoshihiro Iwasaki 0-0: Ball
1-0: Foul Ball, location: 2F
1-1: SINGLE (Line Drive, 7S)
Batting: RHB Miguel Montoya 0-0: Called Strike
Yoshihiro Iwasaki steals 2nd base
0-1: Ground out 6-3 (Groundball, 56)
Batting: SHB Jeff Lowe 0-0: Foul Ball, location: 2F
0-1: Reached on error, E5 (Groundball, 5L)
Yoshihiro Iwasaki scores
Batting: RHB Kenneth Noid 0-0: Ball
1-0: Ball
2-0: Ball
3-0: Called Strike
3-1: Foul Ball, location: 2F
3-2: Fly out, F7 (Flyball, 78M)
Batting: SHB Juan Torres 0-0: Called Strike
0-1: Ground out 4-3 (Groundball, 4)
Top of the 5th over - 1 run, 1 hit, 1 error, 1 left on base; Key West 1 - Bloomington 2
BOTTOM OF THE 5TH
Bloomington Longnecks batting - Pitching for Key West Coral Reefers : RHP Javier Dávila
Batting: RHB Mark Smiley 0-0: Ball
1-0: Foul Ball, location: 2F
1-1: Foul Ball, location: 2F
1-2: SINGLE (Groundball, 6MD)
Batting: RHB Barrett Drury 0-0: Ball
1-0: Ball
2-0: Sac Bunt - play at second, runner OUT! 1-6
Batting: RHB Toussiant L'Ouverture 0-0: Ball
1-0: Fly out, F3 (Popup, 3SF)
Batting: LHB Marshall Willis 0-0: Called Strike
0-1: Swinging Strike
0-2: Ball
1-2: Ball
2-2: Ball
3-2: Fly out, F7 (Flyball, 7)
Bottom of the 5th over - 0 runs, 1 hit, 0 errors, 1 left on base; Key West 1 - Bloomington 2
TOP OF THE 6TH
Key West Coral Reefers batting - Pitching for Bloomington Longnecks : RHP Keith Rojas
Batting: RHB Quindarious Monday 0-0: Ball
1-0: Ground out 5-3 (Groundball, 5)
Batting: LHB Ricardo Collazo 0-0: Ball
1-0: Ground out 6-3 (Groundball, 6)
Batting: SHB Dave Atkins 0-0: Ball
1-0: Foul Ball, location: 2F
1-1: Foul Ball, location: 2F
1-2: Ball
2-2: SINGLE (Line Drive, 4M)
Batting: LHB John Hansen 0-0: Ball
1-0: Ball
2-0: Swinging Strike
2-1: Swinging Strike
2-2: Ball
3-2: DOUBLE (Flyball, 8RXD)
Dave Atkins to third
Dave Atkins scores
Batting: RHB Yoshihiro Iwasaki 0-0: Ball
1-0: Called Strike
1-1: SINGLE (Line Drive, 78S)
John Hansen to third
Runner from 3rd tries for Home, SAFE, no throw
Pitching: RHP Kozue Koga
Batting: RHB Miguel Montoya 0-0: Ground out 5-3 (Groundball, 56S)
Top of the 6th over - 2 runs, 3 hits, 0 errors, 1 left on base; Key West 3 - Bloomington 2
BOTTOM OF THE 6TH
Bloomington Longnecks batting - Pitching for Key West Coral Reefers : RHP Javier Dávila
Batting: RHB Martín Martínez 0-0: Called Strike
0-1: Called Strike
0-2: DOUBLE (Line Drive, 7D)
Batting: RHB Bubba Blevins 0-0: Ground out 5-3 (Groundball, 5)
Batting: RHB Chet Hollis 0-0: Ball
1-0: Foul Ball, location: 2F
1-1: Ball
Wild Pitch!
Martín Martínez to third
2-1: Ball
3-1: Foul Ball, location: 2F
3-2: SINGLE (Groundball, 6MD)
Martín Martínez scores
Pitching: RHP Juan Rodríguez
Batting: RHB Bastiaan Pieterse 0-0: Ball
1-0: Foul Ball, location: 2F
1-1: DOUBLE (Flyball, 89D)
Chet Hollis to third
Batting: RHB Gabrio Campoverde 0-0: Intentional Walk
Batting: RHB Mark Smiley 0-0: Ball
1-0: Foul Ball, location: 2F
1-1: Foul Ball, location: 2F
1-2: Ball
2-2: SINGLE (Flyball, 8RS)
Chet Hollis scores
Bastiaan Pieterse to third
Gabrio Campoverde to second
Runner from 3rd tries for Home, SAFE, no throw
Batting: RHB Barrett Drury 0-0: Fly out, F6 (Popup, P)
Batting: RHB Toussiant L'Ouverture 0-0: Ball
1-0: Ball
2-0: Called Strike
2-1: Ground out 1-3 (Groundball, 13)
Bottom of the 6th over - 3 runs, 4 hits, 0 errors, 2 left on base; Key West 3 - Bloomington 5
TOP OF THE 7TH
Key West Coral Reefers batting - Pitching for Bloomington Longnecks : RHP Kozue Koga
Batting: SHB Jeff Lowe 0-0: Foul Ball, location: 2F
0-1: Ball
1-1: Ball
2-1: Ball
3-1: SINGLE (Groundball, 2L) (infield hit)
Batting: RHB Kenneth Noid 0-0: Ball
1-0: Fly out, F7 (Flyball, 78D)
Batting: SHB Juan Torres 0-0: 2-RUN HOME RUN (Flyball, 9LD), Distance : 338 ft
Batting: RHB Quindarious Monday 0-0: Ball
1-0: Ground out U3 (Groundball, 34)
Batting: LHB Ricardo Collazo 0-0: Ball
1-0: Ball
2-0: Ground out 6-3 (Groundball, 6)
Top of the 7th over - 2 runs, 2 hits, 0 errors, 0 left on base; Key West 5 - Bloomington 5
BOTTOM OF THE 7TH
Bloomington Longnecks batting - Pitching for Key West Coral Reefers : RHP Juan Rodríguez
Batting: LHB Marshall Willis 0-0: Fly out, F8 (Flyball, 8LM)
Batting: RHB Martín Martínez 0-0: Ball
1-0: Foul Ball, location: 2F
1-1: Ball
2-1: Called Strike
2-2: Strikes out swinging
Batting: RHB Bubba Blevins 0-0: Ball
1-0: Ball
2-0: Foul Ball, location: 2F
2-1: Fly out, F8 (Flyball, 8LM)
Bottom of the 7th over - 0 runs, 0 hits, 0 errors, 0 left on base; Key West 5 - Bloomington 5
TOP OF THE 8TH
Key West Coral Reefers batting - Pitching for Bloomington Longnecks : RHP Kozue Koga
Batting: SHB Dave Atkins 0-0: Called Strike
0-1: Ball
1-1: Called Strike
1-2: Foul Ball, location: 2F
1-2: Fly out, F9 (Flyball, 9LS)
Batting: LHB John Hansen 0-0: Called Strike
0-1: Ball
1-1: Ball
2-1: SINGLE (Groundball, 34D)
Pinch Runner at 1st Enrique Rocha:
Batting: RHB Yoshihiro Iwasaki 0-0: Called Strike
0-1: Ball
1-1: Grounds into double play, 6-4-3 (Groundball, 6D)
Top of the 8th over - 0 runs, 1 hit, 0 errors, 0 left on base; Key West 5 - Bloomington 5
BOTTOM OF THE 8TH
Bloomington Longnecks batting - Pitching for Key West Coral Reefers : RHP Juan Rodríguez
Now at 1B: Kade Knowles
Batting: RHB Chet Hollis 0-0: Swinging Strike
0-1: Foul Ball, location: 2F
0-2: Ball
1-2: Ball
2-2: Ground out 6-3 (Groundball, 6)
Batting: RHB Bastiaan Pieterse 0-0: Ball
1-0: Fly out, F8 (Flyball, 8LM)
Batting: RHB Gabrio Campoverde 0-0: Called Strike
0-1: Ball
1-1: Swinging Strike
1-2: SOLO HOME RUN (Flyball, 78XD), Distance : 394 ft
Pitching: LHP Manuel Rodríguez
Batting: RHB Mark Smiley 0-0: Ball
1-0: Ball
2-0: Called Strike
2-1: Foul Ball, location: 2F
2-2: Foul Ball, location: 2F
2-2: Foul Ball, location: 2F
2-2: Ball
3-2: Foul Ball, location: 2F
3-2: Base on Balls
Batting: RHB Barrett Drury 0-0: Foul Ball, location: 2F
0-1: Ball
1-1: Ball
2-1: Foul Ball, location: 2F
2-2: Foul Ball, location: 2F
2-2: Hit by Pitch
Mark Smiley to second
Batting: RHB Toussiant L'Ouverture 0-0: 3-RUN HOME RUN (Flyball, 7LD), Distance : 364 ft
Pitching: RHP Mark Deeds
Batting: LHB Marshall Willis 0-0: Called Strike
0-1: Ball
1-1: Called Strike
1-2: Ball
2-2: Ball
3-2: Foul Ball, location: 2F
3-2: Base on Balls
Batting: RHB Martín Martínez 0-0: Ball
1-0: Fielders Choice at 2nd, U4 (Groundball, 4M)
Bottom of the 8th over - 4 runs, 2 hits, 0 errors, 1 left on base; Key West 5 - Bloomington 9
TOP OF THE 9TH
Key West Coral Reefers batting - Pitching for Bloomington Longnecks : RHP Kozue Koga
Pitching: RHP Pierre Levegh
Batting: RHB Miguel Montoya 0-0: Called Strike
0-1: Ball
1-1: Ground out 5-3 (Groundball, 5L)
Batting: SHB Jeff Lowe 0-0: Foul Ball, location: 2F
0-1: Ball
1-1: Ball
2-1: Fly out, F7 (Flyball, 7)
Batting: RHB Kenneth Noid 0-0: Called Strike
0-1: Ground out 6-3 (Groundball, 6)
Top of the 9th over - 0 runs, 0 hits, 0 errors, 0 left on base; Key West 5 - Bloomington 9
Wednesday, September 19th, 2018 - OOTP Baseball 18.8 Build 76